AoeStats
← 妙手回春

African Clearing

505597499Analyzed
4v4 RM · 22d ago on Sep 10, 2026· 56m 6s· 8 players
Game mode
Random Map
Map size
Large (8 player)
Population
200
Speed
Normal
Resources
Standard
Victory
Conquest
Starting age
Dark Age
Ending age
Imperial Age
RankedLock teamsTeams togetherTeam positionsShared explorationLock speedFull tech treeHidden civsTurbo modeCheats
Victory
Defeat
🇨🇳 Mongols · China
1376
+17
🇨🇳 Bengalis · China
1371
+17
🇨🇳 Huns · China
1332
+19
🇨🇳 Vietnamese · China
1311
+20
🇦🇷 Malians · Argentina
1546
-25
🇲🇽 Italians · Mexico
1443
-20
🇲🇽 Mongols · Mexico
1319
-15
🇳🇮 Muisca · Nicaragua
1278
-13
妙手回春
12:37 Feudal Age
13:47 Loom
16:25 Castle Age
14:26 Double-Bit Axe
17:43 Horse Collar
19:00 Wheelbarrow
25:32 Fletching
26:13 Padded Archer Armor
27:52 Bodkin Arrow
30:13 Leather Archer Armor
31:16 Elite Skirmisher
35:10 Ballistics
35:24 Hand Cart
35:19 Gold Mining
35:19 Stone Mining
35:49 Bow Saw
39:19 Imperial Age
37:09 Paiks
38:51 Gold Shaft Mining
39:17 Scale Barding Armor
39:23 Forging
39:32 Town Watch
40:29 Conscription
41:49 Chemistry
41:48 Siege Engineers
41:54 Masonry
41:28 Siege Elephant
43:17 Mahayana
43:04 Heavy Plow
44:05 Two-Man Saw
43:40 Bracer
44:10 Ring Archer Armor
43:36 Elite Elephant Archer
44:43 Imperial Skirmisher
47:35 Husbandry
48:38 Pikeman
49:18 Squires
49:35 Forging
49:25 Scale Mail Armor
51:53 Halberdier
53:18 Iron Casting
52:58 Chain Mail Armor
54:02 Bloodlines
53:35 Elite Battle Elephant
54:37 Chain Barding Armor
55:17 Blast Furnace
55:39 Arson
Anil
12:03 Feudal Age
12:57 Horse Collar
15:13 Bloodlines
19:16 Loom
23:18 Wheelbarrow
27:21 Castle Age
26:00 Fletching
26:11 Padded Archer Armor
27:58 Double-Bit Axe
28:10 Bodkin Arrow
28:06 Town Watch
29:28 Leather Archer Armor
30:30 Bow Saw
32:00 Ballistics
37:18 Hand Cart
38:05 Heavy Plow
41:58 Imperial Age
41:53 Scale Barding Armor
42:30 Forging
42:26 Husbandry
41:47 Light Cavalry
43:05 Conscription
43:08 Chain Barding Armor
42:49 Bracer
42:55 Elite Mangudai
43:30 Hussar
45:48 Iron Casting
45:41 Parthian Tactics
45:24 Thumb Ring
48:24 Gold Mining
48:25 Stone Mining
55:23 Town Patrol
Vic
5:16 Loom
13:15 Feudal Age
15:19 Scale Barding Armor
16:26 Bloodlines
16:45 Forging
43:13 Castle Age
44:17 Wheelbarrow
43:29 Double-Bit Axe
45:13 Husbandry
50:30 Husbandry
52:15 Gold Mining
52:12 Horse Collar
53:03 Bow Saw
55:06 Town Watch
事后诸葛亮
3:34 Loom
14:27 Feudal Age
18:31 Castle Age
20:23 Wheelbarrow
20:52 Double-Bit Axe
21:51 Horse Collar
28:18 Gold Mining
28:46 Hand Cart
30:04 Heavy Plow
30:17 Bow Saw
30:33 Marauders
32:18 Gold Shaft Mining
35:07 Imperial Age
32:52 Scale Barding Armor
33:13 Husbandry
33:24 Bloodlines
33:36 Forging
35:12 Chain Barding Armor
35:27 Iron Casting
36:05 Iron Casting
35:20 Elite Tarkan
37:36 Plate Barding Armor
39:07 Conscription
46:01 Blast Furnace
48:06 Scale Mail Armor
48:22 Pikeman
49:03 Squires
48:48 Arson
49:21 Chain Mail Armor
49:21 Halberdier
EXILE | Polag3K
11:29 Loom
13:15 Feudal Age
18:09 Stone Mining
18:20 Double-Bit Axe
20:55 Castle Age
19:25 Gold Mining
20:45 Fletching
21:48 Bodkin Arrow
22:16 Padded Archer Armor
23:58 Ballistics
27:03 Leather Archer Armor
46:03 Wheelbarrow
56:33 Hand Cart
56:17 Town Watch
EXILE | LauraHero
6:11 Loom
13:06 Feudal Age
13:40 Double-Bit Axe
15:35 Scale Barding Armor
19:50 Horse Collar
24:21 Castle Age
23:05 Fletching
23:37 Padded Archer Armor
24:31 Crossbowman
26:41 Wheelbarrow
26:22 Bow Saw
27:22 Bodkin Arrow
28:39 Gold Mining
32:31 Ballistics
33:59 Wheelbarrow
34:11 Stone Mining
37:02 Thumb Ring
38:31 Hand Cart
39:54 Heavy Plow
39:41 Town Watch
48:31 Imperial Age
46:19 Squires
45:54 Pikeman
47:41 Forging
47:32 Scale Mail Armor
49:08 Iron Casting
49:24 Chain Mail Armor
49:26 Bracer
52:09 Crop Rotation
52:48 Two-Man Saw
52:21 Leather Archer Armor
52:22 Arson
55:28 Ring Archer Armor
55:29 Plate Mail Armor
EXILE | milval
9:52 Loom
12:35 Feudal Age
13:58 Champi Runner
14:46 Scale Mail Armor
15:58 Forging
27:41 Double-Bit Axe
27:36 Horse Collar
EXILE | Obi
10:49 Loom
14:07 Feudal Age
17:54 Castle Age
15:46 Double-Bit Axe
19:54 Bow Saw
23:19 Wheelbarrow
25:12 Forging
26:24 Scale Mail Armor
26:59 Town Watch
27:49 Hand Cart
34:11 Horse Collar
35:36 Heavy Plow
35:47 Gold Mining
37:22 Gold Shaft Mining
39:22 Imperial Age
37:36 Town Patrol
37:49 Scale Barding Armor
39:34 Chain Barding Armor
39:51 Iron Casting
39:42 Bloodlines
39:35 Husbandry
40:13 Farimba
40:34 Conscription
39:48 Heavy Camel Rider
41:44 Plate Barding Armor
44:26 Cavalier
44:29 Light Cavalry
46:01 Crop Rotation
56:00 Fletching
Connection lost

Rejoining the realm…

Still unreachable

The connection could not be restored.

Session expired

The server has moved on; the page needs a fresh start.